 Dungeon Crawl Stone Soup version 0.22-a0-268-g1cc83ef (webtiles) character file.

100 4thArraOfDagon the Cutter (level 4, 0/31 HPs)
             Began as a Mummy Enchanter on Mar 9, 2018.
             Was an Initiate of Cheibriados.
             Slain by a worker ant (7 damage)
             ... on level 4 of the Dungeon.
             The game lasted 00:05:34 (1166 turns).

4thArraOfDagon the Cutter (Mummy Enchanter)         Turns: 1166, Time: 00:05:35

Health: 0/31       AC:  2    Str: 12    XL:     4   Next: 47%
Magic:  1/8        EV: 12    Int: 16    God:    Cheibriados [......]
Gold:   36         SH:  2    Dex: 13    Spells: 2/8 levels left

rFire    x . .     SeeInvis .   a - +1 dagger
rCold    + . .     Gourm    .   (no shield)
rNeg     + + +     Faith    .   b - +0 robe
rPois    ∞         Spirit   .   (no helmet)
rElec    .         Reflect  +   (no cloak)
rCorr    .         Harm     .   (no gloves)
MR       .....                  (no boots)
Stlth    ++........             d - +2 amulet of reflection
HPRegen  0.10/turn              (no ring)
MPRegen  0.11/turn              (no ring)

@: very slightly contaminated, very slow
A: no food or potions, fire vulnerability, cold resistance 1, negative energy
resistance 3, torment resistance, unbreathing
a: Bend Time, Renounce Religion


You were on level 4 of the Dungeon.
You worshipped Cheibriados.
Cheibriados was noncommittal.
You were not hungry.

You visited 2 branches of the dungeon, and saw 6 of its levels.

You collected 36 gold pieces.

Inventory:

Hand Weapons
 a - a +1 dagger (weapon)
Armour
 b - a +0 robe (worn)
Jewellery
 d - a +2 amulet of reflection (around neck)


   Skills:
 + Level 0.6 Fighting
 - Level 3.2 Short Blades
 + Level 0.4 Armour
 + Level 1.7 Dodging
 - Level 2.4 Stealth
 - Level 2.6 Spellcasting
 - Level 2.6 Hexes
 + Level 0.5 Invocations


You had 2 spell levels left.
You knew the following spells:

 Your Spells              Type           Power        Failure   Level  Hunger
a - Corona                Hex            ##.....      6%          1    N/A
b - Ensorcelled Hibernat  Hex/Ice        #.....       17%         2    N/A
c - Confuse               Hex            ##......     19%         3    N/A

Dungeon Overview and Level Annotations

Branches:
Dungeon (5/15)             Temple (1/1) D:4

Altars:
Ashenzari
Cheibriados
Dithmenos
Elyvilon
Fedhas
Gozag
Hepliaklqana
Kikubaaqudgha
Makhleb
Okawaru
Qazlal
Uskayaw
Vehumet
Wu Jian
Xom
Yredelemnul
The Shining One

Annotations:
D:5 Sigmund


Innate Abilities, Weirdness & Mutations

You do not eat or drink.
Your flesh is vulnerable to fire.
You are immune to poison.
Your flesh is cold resistant. (rC+)
You are immune to negative energy. (rN+++)
You are immune to unholy pain and torment.
You can survive without breathing.


Message History

As you read the scroll labeled BUAHEI HELA, it crumbles to dust.
You hear a loud clanging noise!
It was a scroll of noise.
The worker ant bites you.
The worker ant stops glowing.
The worker ant misses you.
Unknown command.
The worker ant closely misses you.
Unknown command.
Unknown command.
The worker ant bites you.
Unknown command.
Unknown command.
The worker ant bites you.
* * * LOW HITPOINT WARNING * * *
Unknown command.
The worker ant bites you.
* * * LOW HITPOINT WARNING * * *
Unknown command.
Unknown command.
The worker ant bites you!
You die...

#># #.#
#.# #.#
#######.#
#.......#
#.#######
#a#######
#@.......
#..######
#..# #..#
#...
#....
#####


You could see a worker ant.

Vanquished Creatures
  A hound (D:4)
  2 worker ants (D:4)
  An adder (Temple)
  A leopard gecko (Temple)
  2 orcs (D:4)
  2 bats
  A goblin (D:3)
  A hobgoblin (D:3)
  A frilled lizard (D:3)
  2 kobolds (D:3)
  A leopard gecko skeleton (D:4)
  A quokka skeleton (D:5)
16 creatures vanquished.

Notes
Turn   | Place    | Note
-------+----------+-------------------------------------------
     0 | D:1      | 4thArraOfDagon the Mummy Enchanter began the quest for the Orb.
     0 | D:1      | Reached XP level 1. HP: 13/13 MP: 4/4
    32 | D:1      | Reached skill level 1 in Short Blades
    47 | D:2      | Found a stormy altar of Qazlal.
   187 | D:4      | Noticed a worker ant
   269 | D:5      | Entered Level 5 of the Dungeon
   269 | D:5      | Noticed Sigmund
   269 | D:5      | Noticed an orc wizard
   269 | D:5      | Noticed an orc priest
   271 | D:5      | Noticed an orc wizard
   283 | D:4      | Found a staircase to the Ecumenical Temple.
   286 | D:4      | Noticed a worker ant
   429 | D:4      | Reached XP level 2. HP: 19/19 MP: 2/5
   433 | D:4      | Learned a level 2 spell: Ensorcelled Hibernation
   473 | D:4      | Noticed an ogre
   498 | D:4      | Reached skill level 2 in Short Blades
   498 | D:4      | Reached XP level 3. HP: 9/24 MP: 1/7
   508 | D:4      | Learned a level 3 spell: Confuse
   692 | Temple   | Entered the Ecumenical Temple
   800 | Temple   | Became a worshipper of Cheibriados the Contemplative
   892 | D:4      | Reached skill level 3 in Short Blades
   892 | D:4      | Reached XP level 4. HP: 15/30 MP: 3/8
  1166 | D:4      | Slain by a worker ant

Vault maps used:
D:1:      minmay_arrival_open_corners, minivault_25, minmay_surrounded
D:2:      old_standard_altar, hex_intersection, grunt_qazlal_sundering
D:3:      led_sif_pool, chequers_ecumenical_altar_lobes, first_ration,
          minmay_cut_off
D:4:      minmay_temple_entry_grid
D:5:      serial_shops, shop, uniq_prince_ribbit1, uniq_menkaure, uniq_sigmund
Temple:   eino_narrow_crystal_temple

Skill      XL: |  1  2  3 |
---------------+----------+-----
Short Blades   | 1 2 3 |  3.2
Fighting       | |  0.6
Armour         | |  0.4
Dodging        | |  1.7
Stealth        | |  2.4
Spellcasting   | |  2.6
Hexes          | |  2.6
Invocations    | |  0.5

Action                   |  1- 3 |  4- 6 || total
-------------------------+-------+-------++-------
Melee: Dagger            |    31 |    15 ||    46
 Cast: Corona            |    16 |     3 ||    19
       Ensorcelled Hiber |     5 |     3 ||     8
  Use: Scroll            |       |     1 ||     1
 Stab: Sleeping          |     5 |     1 ||     6
Armor: Robe              |    12 |     3 ||    15
Dodge: Dodged            |    26 |     9 ||    35
Block: Other             |       |     2 ||     2

Table legend:
 A = Spawn XP
 B = Non-spawn XP
 C = Spawn XP percentage of total XP
 D = Spawn monster count
 E = Non-spawn monster count
 F = Spawn count percentage of total count
 G = Total turns spent on level
                    A         B        C        D         E        F      G
               +---------+---------+-------+---------+---------+-------+---------
         Total |       0 |     144 |   0.0 |       0 |      16 |   0.0 |  1166
               +---------+---------+-------+---------+---------+-------+---------
           D:1 |       0 |       2 |   0.0 |       0 |       1 |   0.0 |    45
           D:3 |       0 |       9 |   0.0 |       0 |       6 |   0.0 |   142
           D:4 |       0 |     116 |   0.0 |       0 |       6 |   0.0 |   657
           D:5 |       0 |       1 |   0.0 |       0 |       1 |   0.0 |    34
        Temple |       0 |      16 |   0.0 |       0 |       2 |   0.0 |   279
               +---------+---------+-------+---------+---------+-------+---------
